MID
BOWLING GREEN HOT RODS @ LEXINGTON LEGENDS
09/17/2045
 
TOP OF THE 1ST
Bowling Green Hot Rods batting - Pitching for Lexington Legends : LHP Brian Carlson
Pitching: LHP Brian Carlson
Batting: RHB Jonathan Fraire 0-0: Ball
1-0: Called Strike
1-1: Ball
2-1: Fly out, F8 (Flyball, 8LM, EV 89.4 MPH)
Batting: RHB David Ward 0-0: Ball
1-0: Ball
2-0: Called Strike
2-1: Foul Ball, location: 2F
2-2: Ball
3-2: Base on Balls
Batting: SHB Wayne Hattan 0-0: Ball
1-0: Foul Ball, location: 2F
1-1: Foul Ball, location: 2F
1-2: Fly out, F8 (Flyball, 8LXD, EV 79.4 MPH)
Batting: RHB Freddy Mullen 0-0: Called Strike
0-1: Called Strike
0-2: Ball
1-2: Ball
2-2: SINGLE (Line Drive, 34D, EV 102.5 MPH)
David Ward to second
Batting: SHB Lou Kroneman 0-0: Ball
1-0: Called Strike
1-1: Ball
2-1: Fly out, F9 (Flyball, 9LM, EV 91.2 MPH)
Top of the 1st over - 0 runs, 1 hit, 0 errors, 2 left on base; Bowling Green 0 - Lexington 0
BOTTOM OF THE 1ST
Lexington Legends batting - Pitching for Bowling Green Hot Rods : RHP Eric Smith
Pitching: RHP Eric Smith
Batting: RHB Doug Carter 0-0: Called Strike
0-1: Swinging Strike
0-2: Ball
1-2: Strikes out swinging
Batting: RHB Andy Urquhart 0-0: Ball
1-0: Foul Ball, location: 2F
1-1: Foul Ball, location: 2F
1-2: Strikes out swinging
Batting: RHB Pete Deschamps 0-0: Ball
1-0: Called Strike
1-1: Foul Ball, location: 2F
1-2: Foul Ball, location: 2F
1-2: Strikes out swinging, 2-3 out at first.
Bottom of the 1st over - 0 runs, 0 hits, 0 errors, 0 left on base; Bowling Green 0 - Lexington 0
TOP OF THE 2ND
Bowling Green Hot Rods batting - Pitching for Lexington Legends : LHP Brian Carlson
Batting: SHB Julio Hernandez 0-0: Called Strike
0-1: Ball
1-1: SINGLE (Groundball, 56D, EV 107.5 MPH)
Batting: RHB Chris Glavin 0-0: Ball
Julio Hernandez is caught stealing 2nd base 2-4
1-0: Swinging Strike
1-1: Ground out 5-3 (Groundball, 56, EV 88.1 MPH)
Batting: LHB Dan Hunt 0-0: TRIPLE (Flyball, 78XD, EV 95.6 MPH)
Batting: SHB Josif Popovski 0-0: Foul Ball, location: 2F
0-1: Ball
1-1: Called Strike
1-2: Ball
2-2: Ground out 6-3 (Groundball, 6, EV 99.4 MPH)
Top of the 2nd over - 0 runs, 2 hits, 0 errors, 1 left on base; Bowling Green 0 - Lexington 0
BOTTOM OF THE 2ND
Lexington Legends batting - Pitching for Bowling Green Hot Rods : RHP Eric Smith
Batting: LHB Robert Wilkins 0-0: Ball
1-0: Reached via error on a dropped throw from SS, E3 (Groundball, 6S, EV 90.6 MPH)
Batting: SHB Dan Langston 0-0: Called Strike
0-1: Swinging Strike
0-2: Ball
1-2: Ball
2-2: Ball
3-2: Strikes out swinging
Robert Wilkins steals 2nd base
Batter strikes out.
Batting: RHB Ben Garrett 0-0: Ball
1-0: Ground out 6-3 (Groundball, 6, EV 86.9 MPH)
Robert Wilkins to third
Batting: RHB Bryan Alfaro 0-0: Ball
1-0: Called Strike
1-1: Called Strike
1-2: Ball
2-2: Foul Ball, location: 2F
2-2: Strikes out looking
Bottom of the 2nd over - 0 runs, 0 hits, 1 error, 1 left on base; Bowling Green 0 - Lexington 0
TOP OF THE 3RD
Bowling Green Hot Rods batting - Pitching for Lexington Legends : LHP Brian Carlson
Batting: RHB Jonathan Fraire 0-0: Ball
1-0: Ball
2-0: Ball
3-0: Base on Balls
Batting: RHB David Ward 0-0: Ball
1-0: Called Strike
1-1: 2-RUN HOME RUN (Flyball, 7D, EV 96.2 MPH), Distance : 376 ft
Batting: SHB Wayne Hattan 0-0: Foul Ball, location: 2F
0-1: Ball
1-1: Swinging Strike
1-2: Foul Ball, location: 2F
1-2: SOLO HOME RUN (Flyball, 89XD, EV 101.2 MPH), Distance : 404 ft
Batting: RHB Freddy Mullen 0-0: SINGLE (Groundball, 6D, EV 105.0 MPH)
Batting: SHB Lou Kroneman 0-0: Ball
1-0: Swinging Strike
1-1: Ball
2-1: 2-RUN HOME RUN (Flyball, 7LD, EV 93.8 MPH), Distance : 353 ft
Batting: SHB Julio Hernandez 0-0: Ball
1-0: Foul Ball, location: 2F
1-1: Ball
2-1: Ball
3-1: Base on Balls
Batting: RHB Chris Glavin 0-0: Called Strike
0-1: Foul Ball, location: 2F
0-2: Ball
1-2: Fly out, F5 (Popup, 56D, EV 74.4 MPH)
Pitching: RHP Ron Bubar
Batting: LHB Dan Hunt 0-0: Ball
1-0: Ball
2-0: Ball
3-0: Foul Ball, location: 2F
3-1: Base on Balls
Julio Hernandez to second
Batting: SHB Josif Popovski 0-0: Ball
1-0: Called Strike
1-1: Ball
2-1: Ball
3-1: Base on Balls
Julio Hernandez to third
Dan Hunt to second
Batting: RHB Jonathan Fraire 0-0: Fly out, F8 (Line Drive, 8RD, EV 98.1 MPH)
Runner from 3rd tags up, SCORES, throw by CF
Dan Hunt to third
Batting: RHB David Ward 0-0: Ball
1-0: Called Strike
1-1: Ball
Wild Pitch!
Dan Hunt scores
Josif Popovski to second
2-1: Foul Ball, location: 2F
2-2: Ball
3-2: Fly out, F5 (Popup, 56S, EV 78.8 MPH)
Top of the 3rd over - 7 runs, 4 hits, 0 errors, 1 left on base; Bowling Green 7 - Lexington 0
BOTTOM OF THE 3RD
Lexington Legends batting - Pitching for Bowling Green Hot Rods : RHP Eric Smith
Batting: RHB Grant Conlon 0-0: Foul Ball, location: 2F
0-1: Ball
1-1: Called Strike
1-2: Strikes out swinging, 2-3 out at first.
Batting: RHB Kunimatsu Oya 0-0: Ground out 5-3 (Groundball, 5L, EV 107.5 MPH)
Batting: RHB Doug Carter 0-0: Called Strike
0-1: Ball
1-1: Called Strike
1-2: Strikes out swinging
Bottom of the 3rd over - 0 runs, 0 hits, 0 errors, 0 left on base; Bowling Green 7 - Lexington 0
TOP OF THE 4TH
Bowling Green Hot Rods batting - Pitching for Lexington Legends : RHP Ron Bubar
Batting: SHB Wayne Hattan 0-0: Ball
1-0: Foul Ball, location: 2F
1-1: SINGLE (Line Drive, 8LS, EV 106.9 MPH)
Batting: RHB Freddy Mullen 0-0: Foul Ball, location: 2F
0-1: Grounds into double play, 6-4-3 (Groundball, 6, EV 80.6 MPH)
Batting: SHB Lou Kroneman 0-0: Called Strike
0-1: Ball
1-1: Ball
2-1: Foul Ball, location: 2F
2-2: Foul Ball, location: 2F
2-2: Foul Ball, location: 2F
2-2: Foul Ball, location: 2F
2-2: Foul Ball, location: 2F
2-2: SINGLE (Groundball, 4MD, EV 105.0 MPH)
Batting: SHB Julio Hernandez 0-0: Ball
1-0: TRIPLE (Flyball, 89XD, EV 105.0 MPH)
Lou Kroneman scores
Batting: RHB Chris Glavin 0-0: Called Strike
0-1: Called Strike
0-2: SINGLE (Flyball, 6D, EV 90.0 MPH)
Julio Hernandez scores
Batting: LHB Dan Hunt 0-0: Called Strike
0-1: DOUBLE (Flyball, 89D, EV 102.5 MPH)
Chris Glavin to third
Batting: SHB Josif Popovski 0-0: Called Strike
0-1: Foul Ball, location: 2F
0-2: Ball
1-2: Ball
Balk!
Chris Glavin scores
Dan Hunt to third
2-2: Ball
Passed Ball!
Dan Hunt scores
3-2: Base on Balls
Batting: RHB Jonathan Fraire 0-0: Ball
1-0: Ball
2-0: Ball
3-0: Called Strike
3-1: Base on Balls
Josif Popovski to second
Batting: RHB David Ward 0-0: Ball
1-0: Called Strike
1-1: Called Strike
1-2: SINGLE (Line Drive, 78S, EV 113.1 MPH)
Josif Popovski to third
Jonathan Fraire to second
Runner from 3rd tries for Home, SAFE, throw by LF to home
Batting: SHB Wayne Hattan 0-0: Called Strike
0-1: Ball
1-1: Ball
2-1: Ball
3-1: Swinging Strike
3-2: Base on Balls
Jonathan Fraire to third
David Ward to second
Batting: RHB Freddy Mullen 0-0: Called Strike
0-1: Ball
1-1: Ball
2-1: Foul Ball, location: 2F
2-2: Ball
3-2: Base on Balls
Jonathan Fraire scores
David Ward to third
Wayne Hattan to second
Batting: SHB Lou Kroneman 0-0: Ball
1-0: Ball
2-0: Ball
3-0: Called Strike
3-1: Base on Balls
David Ward scores
Wayne Hattan to third
Freddy Mullen to second
Batting: SHB Julio Hernandez 0-0: GRAND SLAM HOME RUN (Flyball, 9LD, EV 94.4 MPH), Distance : 351 ft
Batting: RHB Chris Glavin 0-0: Ball
1-0: Ball
2-0: SINGLE (Line Drive, 3D, EV 99.4 MPH)
Batting: LHB Dan Hunt 0-0: Ground out 4-3 (Groundball, 4S, EV 82.5 MPH)
Top of the 4th over - 11 runs, 8 hits, 0 errors, 1 left on base; Bowling Green 18 - Lexington 0
BOTTOM OF THE 4TH
Lexington Legends batting - Pitching for Bowling Green Hot Rods : RHP Eric Smith
Batting: RHB Andy Urquhart 0-0: Ball
1-0: Ball
2-0: Swinging Strike
2-1: Swinging Strike
2-2: Foul Ball, location: 2F
2-2: Foul Ball, location: 2F
2-2: Ball
3-2: Foul Ball, location: 2F
3-2: Strikes out swinging
Batting: RHB Pete Deschamps 0-0: Called Strike
0-1: Ball
1-1: Ball
2-1: Swinging Strike
2-2: Strikes out swinging
Batting: LHB Robert Wilkins 0-0: Called Strike
0-1: Swinging Strike
0-2: Ball
1-2: Foul Ball, location: 2F
1-2: Strikes out swinging
Bottom of the 4th over - 0 runs, 0 hits, 0 errors, 0 left on base; Bowling Green 18 - Lexington 0
TOP OF THE 5TH
Bowling Green Hot Rods batting - Pitching for Lexington Legends : RHP Ron Bubar
Batting: SHB Josif Popovski 0-0: Called Strike
0-1: Reached on error, E5 (Popup, 56S, EV 75.0 MPH)
Batting: RHB Jonathan Fraire 0-0: Ball
Balk!
Josif Popovski to second
1-0: Ball
Wild Pitch!
Josif Popovski to third
2-0: Called Strike
2-1: Ball
3-1: Base on Balls
Batting: RHB David Ward 0-0: Ground out 5-3 (Groundball, 56S, EV 71.9 MPH)
Josif Popovski scores
Jonathan Fraire to second
Batting: SHB Wayne Hattan 0-0: Ball
1-0: Ball
2-0: Ball
3-0: Called Strike
3-1: Base on Balls
Batting: RHB Freddy Mullen 0-0: Foul Ball, location: 2F
0-1: Ball
1-1: Ball
2-1: Ball
3-1: Foul Ball, location: 2F
3-2: Base on Balls
Jonathan Fraire to third
Wayne Hattan to second
Batting: SHB Lou Kroneman 0-0: SINGLE (Groundball, 4MD, EV 101.2 MPH)
Jonathan Fraire scores
Wayne Hattan to third
Freddy Mullen to second
Batting: SHB Julio Hernandez 0-0: Foul Ball, location: 2F
0-1: Called Strike
0-2: Strikes out swinging
Batting: RHB Chris Glavin 0-0: Reached on error, E6 (Groundball, 6, EV 83.1 MPH)
Wayne Hattan scores
Freddy Mullen to third
Lou Kroneman to second
Batting: LHB Dan Hunt 0-0: Called Strike
0-1: Swinging Strike
0-2: Ball
1-2: Ball
2-2: Ball
3-2: Base on Balls
Freddy Mullen scores
Lou Kroneman to third
Chris Glavin to second
Batting: SHB Josif Popovski 0-0: Called Strike
0-1: Fly out, F7 (Flyball, 7S, EV 87.5 MPH)
Top of the 5th over - 4 runs, 1 hit, 2 errors, 3 left on base; Bowling Green 22 - Lexington 0
BOTTOM OF THE 5TH
Lexington Legends batting - Pitching for Bowling Green Hot Rods : RHP Eric Smith
Batting: SHB Dan Langston 0-0: Called Strike
0-1: Ball
1-1: Foul Ball, location: 2F
1-2: Strikes out looking
Batting: RHB Ben Garrett 0-0: Ball
1-0: Ball
2-0: Called Strike
2-1: Ball
3-1: Swinging Strike
3-2: Strikes out swinging
Batting: RHB Bryan Alfaro 0-0: Foul Ball, location: 2F
0-1: SINGLE (Flyball, 4D, EV 92.5 MPH)
Batting: RHB Grant Conlon 0-0: SINGLE (Groundball, 34D, EV 94.4 MPH)
Bryan Alfaro to second
Batting: RHB Kunimatsu Oya 0-0: Foul Ball, location: 2F
0-1: Ball
1-1: Ball
2-1: Swinging Strike
2-2: Ball
3-2: Strikes out swinging
Bottom of the 5th over - 0 runs, 2 hits, 0 errors, 2 left on base; Bowling Green 22 - Lexington 0
TOP OF THE 6TH
Bowling Green Hot Rods batting - Pitching for Lexington Legends : RHP Ron Bubar
Batting: RHB Jonathan Fraire 0-0: Foul Ball, location: 2F
0-1: Foul Ball, location: 2F
0-2: Ball
1-2: Reached on error, E3 (Groundball, 3, EV 88.1 MPH)
Batting: RHB David Ward 0-0: Called Strike
0-1: Ball
1-1: Ball
2-1: Foul Ball, location: 2F
2-2: Ball
3-2: Foul Ball, location: 2F
3-2: Foul Ball, location: 2F
3-2: Base on Balls
Jonathan Fraire to second
Batting: SHB Wayne Hattan 0-0: Fielders Choice at 2nd, 4-6 (Groundball, 4M, EV 84.4 MPH)
Jonathan Fraire to third
Batting: RHB Freddy Mullen 0-0: Ball
1-0: Fielders Choice at 2nd, 5-4 (Groundball, 56, EV 94.4 MPH)
Jonathan Fraire scores
Batting: SHB Lou Kroneman 0-0: SINGLE (Flyball, 78S, EV 93.1 MPH)
Freddy Mullen to second
Batting: SHB Julio Hernandez 0-0: Ground out U3 (Groundball, 3, EV 101.2 MPH)
Top of the 6th over - 1 run, 1 hit, 1 error, 2 left on base; Bowling Green 23 - Lexington 0
BOTTOM OF THE 6TH
Lexington Legends batting - Pitching for Bowling Green Hot Rods : RHP Eric Smith
Batting: RHB Doug Carter 0-0: Foul Ball, location: 2F
0-1: Foul Ball, location: 2F
0-2: Strikes out looking
Batting: RHB Andy Urquhart 0-0: Called Strike
0-1: SINGLE (Line Drive, 8RS, EV 101.9 MPH)
Batting: RHB Pete Deschamps 0-0: Ball
1-0: Foul Ball, location: 2F
1-1: Grounds into double play, 4-6-3 (Groundball, 4, EV 103.8 MPH)
Bottom of the 6th over - 0 runs, 1 hit, 0 errors, 0 left on base; Bowling Green 23 - Lexington 0
TOP OF THE 7TH
Bowling Green Hot Rods batting - Pitching for Lexington Legends : RHP Ron Bubar
Batting: RHB Chris Glavin 0-0: Ball
1-0: Ball
2-0: Swinging Strike
2-1: Called Strike
2-2: Ball
3-2: Foul Ball, location: 2F
3-2: Base on Balls
Batting: LHB Dan Hunt 0-0: 2-RUN HOME RUN (Flyball, 9LD, EV 94.4 MPH), Distance : 341 ft
Batting: SHB Josif Popovski 0-0: Fly out, F4 (Popup, 23, EV 88.8 MPH)
Pinch Hitting: LHB Jeremy Burton 0-0: SINGLE (Groundball, 4MD, EV 105.0 MPH)
Batting: RHB David Ward 0-0: Swinging Strike
0-1: Ball
1-1: Called Strike
1-2: Foul Ball, location: 2F
1-2: Ball
2-2: Ball
3-2: Foul Ball, location: 2F
3-2: Base on Balls
Jeremy Burton to second
Batting: SHB Wayne Hattan 0-0: Called Strike
0-1: Ball
1-1: Ball
2-1: Ball
Wild Pitch!
Jeremy Burton to third
David Ward to second
3-1: Foul Ball, location: 2F
3-2: Base on Balls
Batting: RHB Freddy Mullen 0-0: Called Strike
0-1: DOUBLE (Line Drive, 9LM, EV 104.4 MPH)
Jeremy Burton scores
David Ward scores
Wayne Hattan to third
Batting: SHB Lou Kroneman 0-0: Called Strike
0-1: Fly out, F8 (Line Drive, 8LM, EV 101.2 MPH)
Batting: SHB Julio Hernandez 0-0: Ball
1-0: Ball
2-0: Ground out 5-3 (Groundball, 25, EV 91.2 MPH)
Top of the 7th over - 4 runs, 3 hits, 0 errors, 2 left on base; Bowling Green 27 - Lexington 0
BOTTOM OF THE 7TH
Lexington Legends batting - Pitching for Bowling Green Hot Rods : RHP Eric Smith
Now in CF: Jeremy Burton
Batting: LHB Robert Wilkins 0-0: Foul Ball, location: 2F
0-1: Called Strike
0-2: Strikes out looking
Batting: SHB Dan Langston 0-0: Ball
1-0: Swinging Strike
1-1: Called Strike
1-2: Ball
2-2: Ball
3-2: Ground out U3 (Groundball, 3, EV 95.0 MPH)
Batting: RHB Ben Garrett 0-0: Ball
1-0: Called Strike
1-1: Foul Ball, location: 2F
1-2: Ball
2-2: Ball
3-2: Strikes out swinging, 2-3 out at first.
Bottom of the 7th over - 0 runs, 0 hits, 0 errors, 0 left on base; Bowling Green 27 - Lexington 0
TOP OF THE 8TH
Bowling Green Hot Rods batting - Pitching for Lexington Legends : RHP Ron Bubar
Batting: RHB Chris Glavin 0-0: Ground out 5-3 (Groundball, 5, EV 104.4 MPH)
Batting: LHB Dan Hunt 0-0: Ground out 3-1 (Groundball, 34, EV 90.0 MPH)
Batting: SHB Josif Popovski 0-0: Ground out 4-3 (Groundball, 4, EV 94.4 MPH)
Top of the 8th over - 0 runs, 0 hits, 0 errors, 0 left on base; Bowling Green 27 - Lexington 0
BOTTOM OF THE 8TH
Lexington Legends batting - Pitching for Bowling Green Hot Rods : RHP Eric Smith
Pitching: RHP Chris Marino
Batting: RHB Bryan Alfaro 0-0: Called Strike
0-1: Ball
1-1: Ball
2-1: Foul Ball, location: 2F
2-2: Strikes out swinging
Batting: RHB Grant Conlon 0-0: Ball
1-0: Called Strike
1-1: Ball
2-1: Foul Ball, location: 2F
2-2: Ball
3-2: Strikes out swinging
Batting: RHB Kunimatsu Oya 0-0: Foul Ball, location: 2F
0-1: Foul Ball, location: 2F
0-2: Ball
1-2: Strikes out swinging, 2-3 out at first.
Bottom of the 8th over - 0 runs, 0 hits, 0 errors, 0 left on base; Bowling Green 27 - Lexington 0
TOP OF THE 9TH
Bowling Green Hot Rods batting - Pitching for Lexington Legends : RHP Ron Bubar
Batting: LHB Jeremy Burton 0-0: Ball
1-0: Fly out, F8 (Line Drive, 8RM, EV 103.8 MPH)
Batting: RHB David Ward 0-0: Called Strike
0-1: Ball
1-1: Ball
2-1: Ball
3-1: Base on Balls
Batting: SHB Wayne Hattan 0-0: Called Strike
0-1: Ball
1-1: Called Strike
1-2: Ball
2-2: Fly out, F5 (Line Drive, 5, EV 71.2 MPH)
Batting: RHB Freddy Mullen 0-0: Ground out U3 (Groundball, 34S, EV 82.5 MPH)
Top of the 9th over - 0 runs, 0 hits, 0 errors, 1 left on base; Bowling Green 27 - Lexington 0
BOTTOM OF THE 9TH
Lexington Legends batting - Pitching for Bowling Green Hot Rods : RHP Chris Marino
Batting: RHB Doug Carter 0-0: Ball
1-0: Ground out 6-3 (Groundball, 4M, EV 83.1 MPH)
Batting: RHB Andy Urquhart 0-0: Swinging Strike
0-1: Ball
1-1: Ground out 6-3 (Groundball, 4MS, EV 68.8 MPH)
Batting: RHB Pete Deschamps 0-0: Ball
1-0: Ball
2-0: Called Strike
2-1: Foul Ball, location: 2F
2-2: Ball
3-2: Foul Ball, location: 2F
3-2: Strikes out swinging
Bottom of the 9th over - 0 runs, 0 hits, 0 errors, 0 left on base; Bowling Green 27 - Lexington 0
Wednesday, June 22nd , 2022 - OOTP Baseball 23.4 Build 64